[Event "ICC tourney 2161 (75 10)"]
[Site "Internet Chess Club"]
[Date "2020.11.29"]
[Round "9"]
[White "lerui"]
[Black "stephenwilly"]
[Result "0-1"]
[ICCResult "White checkmated"]
[WhiteElo "1146"]
[BlackElo "1445"]
[Opening "Giuoco Piano: four knights variation"]
[ECO "C50"]
[NIC "IG.02"]
[Time "18:35:55"]
[PlyCount "84"]
[TimeControl "4500+10"]


1. e4 e5 2. Nf3 Nc6 3. Bc4 Bc5 4. Nc3 Nf6 5. h3 d6 6. O-O Be6 7. Bb3 Qd7 8.
Bxe6 fxe6 9. d3 h6 10. Be3 Bxe3 11. fxe3 O-O-O 12. a3 Rdf8 13. b4 g5 14.
Nh2 h5 15. b5 Ne7 16. a4 g4 17. hxg4 hxg4 18. Nxg4 Nh5 19. Rxf8+ Rxf8 20.
Nxe5 Qe8 21. Nc4 Ng3 22. Qg4 Rg8 23. Qxe6+ Kb8 24. a5 Qh5 25. Kf2 Nh1+ 26.
Rxh1 Qxh1 27. Qh3 Rf8+ 28. Kg3 Qe1+ 29. Kh2 Qxc3 30. Qg3 Rh8+ 31. Kg1 Qa1+
32. Kf2 Rf8+ 33. Ke2 Qf1+ 34. Kd2 Rf2+ 35. Kc3 Qa1+ 36. Kb3 Qb1+ 37. Ka3
Rxc2 38. Qg8+ Nxg8 39. Ka4 Ra2+ 40. Na3 a6 41. bxa6 bxa6 42. d4 Qb5# {
White checkmated } 0-1

[Event "ICC tourney 2161 (75 10)"]
[Site "Internet Chess Club"]
[Date "2020.11.29"]
[Round "9"]
[White "mehtaaditya"]
[Black "FlowingMelody"]
[Result "0-1"]
[ICCResult "White resigns"]
[WhiteElo "1511"]
[BlackElo "1317"]
[Opening "Ruy Lopez: closed, Bogolyubov variation"]
[ECO "C91"]
[NIC "RL.20"]
[Time "18:35:42"]
[PlyCount "70"]
[TimeControl "4500+10"]


1. e4 e5 2. Nf3 Nc6 3. Bb5 a6 4. Ba4 Nf6 5. O-O Be7 6. Re1 b5 7. Bb3 d6 8.
c3 O-O 9. d4 Bg4 10. d5 Nb8 11. Be3 Nxe4 12. Bc2 Nf6 13. Bg5 Nbd7 14. Be3
e4 15. h3 exf3 16. hxg4 fxg2 17. g5 Ne8 18. Qh5 g6 19. Qh6 Ne5 20. Kxg2 Ng4
21. Qh3 Nxe3+ 22. fxe3 Bxg5 23. Rh1 h6 24. Nd2 Nf6 25. Qg3 Nxd5 26. Rae1
Nb6 27. Bb3 d5 28. e4 Bxd2 29. Rxh6 Bxh6 30. Qh3 Qg5+ 31. Kf2 dxe4 32. Rxe4
Qf5+ 33. Qxf5 gxf5 34. Re1 Rfd8 35. Rg1+ Kf8 { White resigns } 0-1

[Event "ICC tourney 2161 (75 10)"]
[Site "Internet Chess Club"]
[Date "2020.11.29"]
[Round "9"]
[White "Deveshc"]
[Black "Vinny773175"]
[Result "1-0"]
[ICCResult "Black resigns"]
[WhiteElo "1480"]
[BlackElo "1782"]
[Opening "Sicilian: Smith-Morra gambit"]
[ECO "B21"]
[NIC "SI.48"]
[Time "18:35:40"]
[PlyCount "71"]
[TimeControl "4500+10"]


1. e4 c5 2. d4 cxd4 3. c3 d5 4. exd5 Qxd5 5. cxd4 e5 6. Nc3 Bb4 7. Qa4+ Nc6
8. Qxb4 Nxb4 9. Nxd5 Nxd5 10. dxe5 Nge7 11. f4 Ng6 12. g3 O-O 13. Bg2 Nb4
14. Be4 Rd8 15. a3 Nd3+ 16. Ke2 Nc5 17. Bc2 Bd7 18. Nf3 Bb5+ 19. Kf2 Bd3
20. Bxd3 Rxd3 21. Be3 Ne4+ 22. Ke2 Rb3 23. Rab1 Rb5 24. Nd4 Rd5 25. Kf3 Nc5
26. Nb5 Rad8 27. Nc3 Rd3 28. Rbd1 Nf8 29. Rxd3 Nxd3 30. Rd1 Ne6 31. b4 a6
32. f5 Nxe5+ 33. Ke4 Rxd1 34. Nxd1 Nc4 35. fxe6 f5+ 36. Kxf5 { Black
resigns } 1-0

[Event "ICC tourney 2161 (75 10)"]
[Site "Internet Chess Club"]
[Date "2020.11.29"]
[Round "9"]
[White "mutantpenguin"]
[Black "TheOrcaPro"]
[Result "0-1"]
[ICCResult "White checkmated"]
[WhiteElo "1348"]
[BlackElo "1735"]
[Opening "French: advance, Euwe variation"]
[ECO "C02"]
[NIC "FR.03"]
[Time "18:35:41"]
[PlyCount "76"]
[TimeControl "4500+10"]


1. e4 e6 2. d4 d5 3. e5 c5 4. c3 Nc6 5. Nf3 Bd7 6. Bd3 Qb6 7. O-O cxd4 8.
cxd4 Nxd4 9. Nxd4 Qxd4 10. Nc3 Qxe5 11. Re1 Qd6 12. Qf3 Be7 13. Nb5 Bxb5
14. Bxb5+ Kf8 15. Bf4 Qb4 16. Bd7 Nf6 17. a3 Qa5 18. b4 Qa6 19. b5 Qb6 20.
Be3 Qd6 21. Bxe6 fxe6 22. Bf4 Qb6 23. Re2 Qxb5 24. Rae1 Kf7 25. Rxe6 Rae8
26. Bg5 Bd8 27. Qf5 h6 28. Rb1 Rxe6 29. Bh4 Rhe8 30. f3 Bb6+ 31. Kh1 Qe2
32. h3 Bc7 33. f4 g6 34. Qxf6+ Rxf6 35. Bxf6 Kxf6 36. Rxb7 Qf1+ 37. Kh2
Bxf4+ 38. g3 Re2# { White checkmated } 0-1

[Event "ICC tourney 2161 (75 10)"]
[Site "Internet Chess Club"]
[Date "2020.11.29"]
[Round "9"]
[White "AwarePiece"]
[Black "donquiscot"]
[Result "1/2-1/2"]
[ICCResult "Game drawn by mutual agreement"]
[WhiteElo "1779"]
[BlackElo "1585"]
[Opening "French: Tarrasch, closed variation"]
[ECO "C05"]
[NIC "FR.17"]
[Time "18:36:03"]
[PlyCount "58"]
[TimeControl "4500+10"]


1. e4 e6 2. d4 d5 3. Nd2 Nf6 4. e5 Nfd7 5. Bd3 c5 6. c3 Nc6 7. Ndf3 cxd4 8.
cxd4 a5 9. Ne2 Nb6 10. O-O Bd7 11. Bf4 a4 12. Be3 Nb4 13. Bb1 Nc4 14. Bc1
a3 15. b3 Na5 16. Bxa3 Bb5 17. Bxb4 Bxb4 18. Bd3 Qb6 19. Bxb5+ Qxb5 20. Qc2
h6 21. a3 Be7 22. Rfb1 O-O 23. b4 Rfc8 24. Qd1 Nc4 25. a4 Qb6 26. Qb3 Qc7
27. Kf1 Bf8 28. Ke1 Qe7 29. Nc3 g5 { Game drawn by mutual agreement }
1/2-1/2

[Event "ICC tourney 2161 (75 10)"]
[Site "Internet Chess Club"]
[Date "2020.11.29"]
[Round "9"]
[White "chessmaster0981"]
[Black "narayan0811"]
[Result "1-0"]
[ICCResult "Black resigns"]
[WhiteElo "1579"]
[BlackElo "1371"]
[Opening "Queen's pawn game, Rubinstein (Colle-Zukertort) variation"]
[ECO "D05"]
[NIC "QO.17"]
[Time "18:35:55"]
[PlyCount "45"]
[TimeControl "4500+10"]


1. d4 e6 2. Nf3 d5 3. e3 Nf6 4. Bd3 c5 5. b3 cxd4 6. exd4 Nc6 7. O-O Bd6 8.
Bb2 O-O 9. Ne5 Qc7 10. f4 Qb6 11. Kh1 Kh8 12. c3 Nd7 13. Rf3 Ndxe5 14. fxe5
Be7 15. Rh3 h6 16. Bc1 Kg8 17. Bxh6 gxh6 18. Qg4+ Bg5 19. Rxh6 Qd8 20. Rh8+
Kg7 21. Rh7+ Kg8 22. Qh5 Bh6 23. Qxh6 { Black resigns } 1-0

[Event "ICC tourney 2161 (75 10)"]
[Site "Internet Chess Club"]
[Date "2020.11.29"]
[Round "9"]
[White "ajedrez7"]
[Black "castle2king"]
[Result "1/2-1/2"]
[ICCResult "Game drawn by mutual agreement"]
[WhiteElo "1633"]
[BlackElo "1561"]
[Opening "Giuoco Piano"]
[ECO "C54"]
[NIC "IG.02"]
[Time "18:36:05"]
[PlyCount "89"]
[TimeControl "4500+10"]


1. e4 e5 2. Nf3 Nc6 3. Bc4 Bc5 4. c3 Nf6 5. d3 O-O 6. O-O d5 7. exd5 Nxd5
8. Re1 Nb6 9. Bb3 Bg4 10. Bc2 Re8 11. Nbd2 Bd6 12. Ne4 h6 13. h3 Bh5 14.
Ng3 Bg6 15. Be3 f5 16. Bxb6 axb6 17. d4 e4 18. d5 Ne7 19. Nd4 Bxg3 20. fxg3
Nxd5 21. Qe2 Qd6 22. Bb3 Kh7 23. Kh1 c6 24. Qf2 Rf8 25. Rad1 Qe5 26. Nf3
Qf6 27. Bxd5 cxd5 28. Nh4 Rad8 29. Nxg6 Qxg6 30. Rd4 Qc6 31. Red1 Qc5 32.
Qd2 Qc7 33. Qf4 Qxf4 34. gxf4 e3 35. Re1 Rfe8 36. Kh2 Re4 37. Kg3 g5 38.
Kf3 gxf4 39. Rxe4 dxe4+ 40. Kxf4 Rd2 41. Kxf5 Rxb2 42. Kxe4 Rxg2 43. Kxe3
Rxa2 44. Kd4 Ra4+ 45. Kd3 { Game drawn by mutual agreement } 1/2-1/2

[Event "ICC tourney 2161 (75 10)"]
[Site "Internet Chess Club"]
[Date "2020.11.29"]
[Round "9"]
[White "TigerSahi"]
[Black "TheSuperKing"]
[Result "1-0"]
[ICCResult "Black resigns"]
[WhiteElo "1627"]
[BlackElo "1731"]
[Opening "Nimzo-Indian: Sämisch, Botvinnik variation"]
[ECO "E20"]
[NIC "NI.30"]
[Time "18:35:56"]
[PlyCount "71"]
[TimeControl "4500+10"]


1. d4 Nf6 2. c4 e6 3. Nc3 Bb4 4. f3 d5 5. e3 O-O 6. a3 Bxc3+ 7. bxc3 c5 8.
cxd5 Nxd5 9. Bd2 cxd4 10. cxd4 Nc6 11. Bd3 e5 12. dxe5 Nxe5 13. Be4 Nf6 14.
Bc2 Nc4 15. Bc1 Qxd1+ 16. Bxd1 Nd5 17. e4 Nde3 18. Bxe3 Nxe3 19. Kf2 Nc4
20. Ne2 Kh8 21. Re1 f5 22. Bc2 f4 23. Nc3 g5 24. Nd5 h5 25. Bd3 Ne5 26. Bc2
g4 27. Rad1 h4 28. Re2 g3+ 29. hxg3 hxg3+ 30. Kg1 Kg7 31. Ba4 Rh8 32. Rc2
Rh2 33. Nxf4 Kh6 34. Rd6+ Kg5 35. Ne2 Rh4 36. Rc5 { Black resigns } 1-0

[Event "ICC tourney 2161 (75 10)"]
[Site "Internet Chess Club"]
[Date "2020.11.29"]
[Round "9"]
[White "Purushottam123"]
[Black "mancogu"]
[Result "1-0"]
[ICCResult "Black resigns"]
[WhiteElo "1572"]
[BlackElo "1602"]
[Opening "Sicilian: Najdorf, 7...Be7 main line"]
[ECO "B99"]
[NIC "SI.09"]
[Time "18:35:59"]
[PlyCount "79"]
[TimeControl "4500+10"]


1. e4 c5 2. Nf3 d6 3. d4 cxd4 4. Nxd4 Nf6 5. Nc3 a6 6. Bg5 e6 7. f4 Be7 8.
Qf3 Qc7 9. O-O-O Nbd7 10. g4 b5 11. Bd3 Rb8 12. f5 e5 13. Nb3 b4 14. Ne2 a5
15. Nd2 Bb7 16. h4 a4 17. Bxf6 gxf6 18. Kb1 Nc5 19. Bc4 Ba6 20. Bd5 a3 21.
b3 Nd7 22. Bc4 Bxc4 23. Nxc4 Nb6 24. Ne3 Kd7 25. Rd3 Rhc8 26. Rhd1 Ra8 27.
R1d2 Ra5 28. g5 Rc5 29. Qh5 fxg5 30. Qxf7 Rf8 31. Rxd6+ Kc8 32. Qe6+ Kb7
33. Rd7 Nxd7 34. Rxd7 Qxd7 35. Qxd7+ Rc7 36. Qb5+ Kc8 37. Nd5 Rb7 38. Qc6+
Kb8 39. Nxe7 Rxe7 40. Qd6+ { Black resigns } 1-0

[Event "ICC tourney 2161 (75 10)"]
[Site "Internet Chess Club"]
[Date "2020.11.29"]
[Round "9"]
[White "kirikiri007"]
[Black "beibeiolivia"]
[Result "1-0"]
[ICCResult "Black checkmated"]
[WhiteElo "1577"]
[BlackElo "1455"]
[Opening "Giuoco Piano"]
[ECO "C54"]
[NIC "IG.02"]
[Time "18:35:50"]
[PlyCount "141"]
[TimeControl "4500+10"]


1. e4 e5 2. Nf3 Nc6 3. Bc4 Bc5 4. c3 Nf6 5. d4 exd4 6. cxd4 Bb4+ 7. Bd2
Bxd2+ 8. Nbxd2 d5 9. exd5 Nxd5 10. O-O O-O 11. Rc1 Nb6 12. Bb3 Bf5 13. Rc5
Bg6 14. Re1 Qd6 15. Qc1 Rac8 16. h3 Nxd4 17. Nxd4 Qxd4 18. Nf3 Qd8 19. Ne5
c6 20. Nxg6 hxg6 21. Rce5 Qd6 22. Re7 Rc7 23. R7e5 Qf6 24. Qc5 Nd7 25. Qe7
Nxe5 26. Qxc7 Nd3 27. Re2 Nf4 28. Re3 Qg5 29. g3 Nxh3+ 30. Kg2 Qh6 31. Re8
Rxe8 32. Qxf7+ Kh7 33. Qxe8 Qh5 34. Qg8+ Kh6 35. Qh8+ Kg5 36. Qxh5+ gxh5
37. Kxh3 b5 38. Be6 c5 39. Bd7 a6 40. Kg2 Kf6 41. Kf3 g5 42. Ke4 Kg6 43.
Kd5 c4 44. Bc8 h4 45. Bxa6 h3 46. Bb7 g4 47. Kc5 Kf6 48. Kxb5 Ke6 49. Kxc4
Kd6 50. f3 Kc7 51. Ba8 Kb8 52. Be4 gxf3 53. Bxf3 Kc8 54. g4 Kc7 55. g5 Kd8
56. a4 Ke7 57. a5 Kf7 58. a6 Kg6 59. a7 Kxg5 60. a8=Q Kf6 61. Qa5 h2 62.
Kd4 Kg6 63. Ke4 h1=Q 64. Bxh1 Kf6 65. Qf5+ Ke7 66. Qg6 Kd7 67. Ke5 Kc7 68.
Qc6+ Kd8 69. Qb7 Ke8 70. Ke6 Kf8 71. Qf7# { Black checkmated } 1-0

[Event "ICC tourney 2161 (75 10)"]
[Site "Internet Chess Club"]
[Date "2020.11.29"]
[Round "9"]
[White "shrey16ultimate"]
[Black "MYMChessWyatt"]
[Result "0-1"]
[ICCResult "White resigns"]
[WhiteElo "1606"]
[BlackElo "1215"]
[Opening "Queen's pawn: London system"]
[ECO "A45"]
[NIC "QP.07"]
[Time "18:35:41"]
[PlyCount "62"]
[TimeControl "4500+10"]


1. d4 Nf6 2. Bf4 g6 3. e3 Bg7 4. Nf3 O-O 5. h3 d5 6. c4 e6 7. Nc3 Nc6 8.
Rc1 a6 9. Ne5 Nxe5 10. dxe5 Nd7 11. cxd5 Nxe5 12. Be2 Qe7 13. dxe6 fxe6 14.
O-O b6 15. Bxe5 Bxe5 16. Bf3 Rb8 17. Qc2 Rxf3 18. gxf3 Qg5+ 19. Kh1 Qh5 20.
Kg2 Bb7 21. Ne4 Rf8 22. f4 g5 23. f3 gxf4 24. exf4 Bxf4 25. Rcd1 Qh4 26.
Qf2 Qh5 27. Rg1 Kh8 28. h4 Bxe4 29. fxe4 Qg4+ 30. Kf1 Qxd1+ 31. Kg2 Rg8+ {
White resigns } 0-1

[Event "ICC tourney 2161 (75 10)"]
[Site "Internet Chess Club"]
[Date "2020.11.29"]
[Round "9"]
[White "davidtxie"]
[Black "Dhruti813kob36"]
[Result "1-0"]
[ICCResult "Black checkmated"]
[WhiteElo "1682"]
[BlackElo "1427"]
[Opening "Vienna: Paulsen variation"]
[ECO "C25"]
[NIC "VG.04"]
[Time "18:35:33"]
[PlyCount "127"]
[TimeControl "4500+10"]


1. e4 e5 2. Nc3 Nc6 3. g3 Nf6 4. Bg2 Bc5 5. Nge2 d6 6. O-O O-O 7. Na4 Bb6
8. Nxb6 axb6 9. d3 h6 10. h3 Be6 11. b3 Qd7 12. Kh2 Nh7 13. f4 f5 14. Nc3
Nf6 15. Be3 d5 16. exd5 Nxd5 17. Nxd5 Bxd5 18. Bxd5+ Qxd5 19. fxe5 Qxe5 20.
Qd2 Rae8 21. Rae1 Qd6 22. Bf4 Qd5 23. Bxc7 Rxe1 24. Rxe1 b5 25. Qe2 Nd4 26.
Qg2 Nf3+ 27. Kh1 Qc6 28. Rf1 Qxc7 29. Rxf3 Qe5 30. Qf2 Qa1+ 31. Kh2 Qxa2
32. Qc5 Re8 33. Rf2 Re1 34. Qxb5 Qb1 35. Qxb7 Rc1 36. Qg2 Kh7 37. Rd2 Rd1
38. d4 Qc1 39. Rxd1 Qxd1 40. d5 Qd4 41. c4 Qc3 42. Qa2 Qb4 43. Qc2 Kg6 44.
c5 Kf6 45. c6 f4 46. c7 fxg3+ 47. Kg2 Qd6 48. Qc3+ Kf7 49. Qf3+ Kg6 50.
Qxg3+ Qxg3+ 51. Kxg3 Kf7 52. c8=Q Ke7 53. b4 Kd6 54. b5 Kxd5 55. b6 Kd4 56.
b7 Kd3 57. b8=Q Ke3 58. Qf8 Ke4 59. Qbe8+ Kd4 60. Qee7 Kd5 61. Qfd8+ Kc4
62. Qec7+ Kb5 63. Qdb8+ Ka6 64. Qca7# { Black checkmated } 1-0

[Event "ICC tourney 2161 (75 10)"]
[Site "Internet Chess Club"]
[Date "2020.11.29"]
[Round "9"]
[White "trucker"]
[Black "kittycat35"]
[Result "1-0"]
[ICCResult "Black resigns"]
[WhiteElo "1664"]
[BlackElo "1717"]
[Opening "Ruy Lopez: closed (with ...d6)"]
[ECO "C90"]
[NIC "RL.19"]
[Time "18:36:16"]
[PlyCount "61"]
[TimeControl "4500+10"]


1. e4 e5 2. Nf3 Nc6 3. Bb5 a6 4. Ba4 Nf6 5. O-O Be7 6. Re1 b5 7. Bb3 d6 8.
c3 O-O 9. a4 Bb7 10. d3 h6 11. Nbd2 Qd7 12. Nf1 Rfe8 13. Ng3 Bf8 14. Nf5
Ne7 15. N3h4 Nxf5 16. Nxf5 d5 17. Qf3 dxe4 18. dxe4 Qc6 19. h4 h5 20. Bg5
Be7 21. axb5 axb5 22. Rxa8 Bxa8 23. Ra1 Bb7 24. Bd5 Qb6 25. Nxe7+ Rxe7 26.
Be3 c5 27. b4 Bxd5 28. exd5 Ra7 29. Rd1 Nd7 30. bxc5 Nxc5 31. d6 { Black
resigns } 1-0

[Event "ICC tourney 2161 (75 10)"]
[Site "Internet Chess Club"]
[Date "2020.11.29"]
[Round "9"]
[White "Aserah"]
[Black "JonesGill"]
[Result "1-0"]
[ICCResult "Black checkmated"]
[WhiteElo "1504"]
[BlackElo "1228"]
[Opening "Réti opening"]
[ECO "A04"]
[NIC "QP.10"]
[Time "18:35:56"]
[PlyCount "79"]
[TimeControl "4500+10"]


1. Nf3 c5 2. g3 Nf6 3. Bg2 g6 4. O-O d6 5. d3 Nc6 6. e4 Bg7 7. Nbd2 Bd7 8.
h3 Qc8 9. Kh2 O-O 10. Ng1 h5 11. f4 Nh7 12. c3 Rb8 13. Bf3 Nf6 14. Rf2 Kh7
15. Nf1 Rh8 16. Ne3 Kg8 17. Kg2 b5 18. Be2 Qa6 19. g4 hxg4 20. hxg4 Qc8 21.
Kg3 c4 22. g5 cxd3 23. Qxd3 Nh5+ 24. Bxh5 Rxh5 25. Rh2 Rxh2 26. Kxh2 Na5
27. Nd5 Kf8 28. Be3 Nc4 29. Bxa7 Rb7 30. Bd4 e5 31. fxe5 dxe5 32. Bf2 Nxb2
33. Qg3 Be6 34. Nf6 Bxf6 35. gxf6 Nc4 36. Nf3 Qb8 37. Rd1 Rd7 38. Qh4 Kg8
39. Ng5 Kf8 40. Qh8# { Black checkmated } 1-0

[Event "ICC tourney 2161 (75 10)"]
[Site "Internet Chess Club"]
[Date "2020.11.29"]
[Round "9"]
[White "handsomematch"]
[Black "RaymondJiang1"]
[Result "1/2-1/2"]
[ICCResult "Game drawn by mutual agreement"]
[WhiteElo "1222"]
[BlackElo "1456"]
[Opening "Ruy Lopez: closed, Averbach variation"]
[ECO "C79"]
[NIC "RL.16"]
[Time "18:35:41"]
[PlyCount "83"]
[TimeControl "4500+10"]


1. e4 e5 2. Nf3 Nc6 3. Bb5 a6 4. Ba4 d6 5. O-O Nf6 6. Re1 Be7 7. c3 O-O 8.
h3 b5 9. Bc2 Bb7 10. d4 Qd7 11. Nbd2 Rad8 12. Nf1 Rfe8 13. Ng3 g6 14. Bg5
Kg7 15. Qd2 Ng8 16. Bxe7 Qxe7 17. Rad1 Nf6 18. Qd3 exd4 19. cxd4 Nb4 20.
Qb3 Nxc2 21. Qxc2 c5 22. d5 Nd7 23. Qc3+ Qf6 24. Qc2 Ne5 25. Nxe5 Qxe5 26.
Re3 Rc8 27. Qd2 b4 28. b3 a5 29. Qd3 Ra8 30. Qc2 Ba6 31. Rd2 Rac8 32. Rd1
c4 33. Qd2 c3 34. Qc2 Bb5 35. Ne2 Bxe2 36. Rxe2 f5 37. Rde1 Qf6 38. f3 Qd4+
39. Kh1 Qf6 40. Re3 f4 41. R3e2 Re5 42. Rf2 { Game drawn by mutual
agreement } 1/2-1/2

[Event "ICC tourney 2161 (75 10)"]
[Site "Internet Chess Club"]
[Date "2020.11.29"]
[Round "9"]
[White "tcrgm"]
[Black "otcm"]
[Result "1-0"]
[ICCResult "Black resigns"]
[WhiteElo "1582"]
[BlackElo "1448"]
[Opening "Sicilian: dragon variation"]
[ECO "B70"]
[NIC "SI.15"]
[Time "18:35:41"]
[PlyCount "53"]
[TimeControl "4500+10"]


1. e4 c5 2. Nf3 d6 3. d4 cxd4 4. Nxd4 Nf6 5. Nc3 g6 6. f3 Bg7 7. Nb3 O-O 8.
Be3 Nc6 9. Qd2 Bd7 10. O-O-O Rb8 11. Be2 a6 12. g4 b5 13. h4 h5 14. Bg5 b4
15. Nd5 Nxd5 16. Qxd5 Ne5 17. gxh5 gxh5 18. Rhg1 Kh8 19. f4 Ng4 20. f5 Ne5
21. Bxh5 Bc6 22. Qd2 Nc4 23. Qg2 Bxb2+ 24. Kb1 a5 25. Be2 a4 26. Bxc4 a3
27. Qg4 { Black resigns } 1-0

[Event "ICC tourney 2161 (75 10)"]
[Site "Internet Chess Club"]
[Date "2020.11.29"]
[Round "9"]
[White "RockyWang"]
[Black "dangdang2000"]
[Result "1-0"]
[ICCResult "Black checkmated"]
[WhiteElo "1062"]
[BlackElo "1257"]
[Opening "Ruy Lopez: Berlin defense"]
[ECO "C65"]
[NIC "RL.07"]
[Time "18:36:07"]
[PlyCount "123"]
[TimeControl "4500+10"]


1. e4 e5 2. Nf3 Nc6 3. Bb5 Nf6 4. d3 Bc5 5. Bg5 d6 6. h3 h6 7. Bh4 Bd7 8.
Nc3 a6 9. Ba4 g5 10. Bg3 Qe7 11. Qe2 O-O-O 12. O-O-O Nd4 13. Bxd7+ Nxd7 14.
Nxd4 Bxd4 15. Nd5 Qe6 16. c3 Ba7 17. Qg4 Qxg4 18. Ne7+ Kb8 19. hxg4 Nf6 20.
f3 h5 21. gxh5 Rxh5 22. Nf5 Rdh8 23. Rxh5 Rxh5 24. d4 exd4 25. cxd4 g4 26.
Bh4 Nh7 27. fxg4 Rxh4 28. Nxh4 Ng5 29. e5 dxe5 30. dxe5 Be3+ 31. Kc2 Bf4
32. Rf1 Bxe5 33. Rf5 f6 34. Nf3 Nxf3 35. gxf3 Bd4 36. f4 Kc8 37. g5 fxg5
38. fxg5 Kd7 39. Rd5+ Ke6 40. Rxd4 Kf5 41. Rd7 Kxg5 42. Rxc7 b5 43. Rc6 a5
44. Rc5+ Kf4 45. Rxb5 a4 46. Rb4+ Ke5 47. Rxa4 Kd5 48. Kc3 Kc5 49. Ra5+ Kb6
50. Kb4 Kc6 51. a4 Kb6 52. b3 Kc6 53. Rb5 Kc7 54. a5 Kc6 55. a6 Kc7 56. a7
Kc6 57. a8=Q+ Kd7 58. Qe4 Kc7 59. Rb7+ Kd6 60. Qe7+ Kd5 61. Rd7+ Kc6 62.
Qd6# { Black checkmated } 1-0

[Event "ICC tourney 2161 (75 10)"]
[Site "Internet Chess Club"]
[Date "2020.11.29"]
[Round "9"]
[White "StevChess01"]
[Black "flyingfred"]
[Result "1/2-1/2"]
[ICCResult "Game drawn by mutual agreement"]
[WhiteElo "1725"]
[BlackElo "1495"]
[Opening "QGD: exchange, positional line, 6.Qc2"]
[ECO "D36"]
[NIC "QO.16"]
[Time "18:35:41"]
[PlyCount "80"]
[TimeControl "4500+10"]


1. d4 d5 2. c4 e6 3. Nc3 Nf6 4. cxd5 exd5 5. Bg5 c6 6. Qc2 h6 7. Bh4 Be7 8.
e3 Be6 9. Bd3 Nbd7 10. Nf3 Nh5 11. Bxe7 Qxe7 12. h3 Nhf6 13. g4 O-O-O 14.
O-O-O g6 15. Kb1 Kb8 16. Ka1 h5 17. g5 Ne8 18. Ne2 Nd6 19. Nf4 Bf5 20. Bxf5
Nxf5 21. h4 Nd6 22. Rc1 Ne4 23. Nd3 Rhf8 24. Nfe5 Nxe5 25. Nxe5 Rc8 26. Rh3
Rc7 27. Nd3 Qe6 28. Rhh1 Qf5 29. Rcf1 f6 30. gxf6 Rxf6 31. Nc5 Nxc5 32.
Qxc5 Qf3 33. Qc2 Rcf7 34. a3 Qg2 35. Rhg1 Rxf2 36. Rxg2 Rxc2 37. Rfg1 Rxg2
38. Rxg2 Rf6 39. Kb1 Kc7 40. Kc2 Kd6 { Game drawn by mutual agreement }
1/2-1/2

[Event "ICC tourney 2161 (75 10)"]
[Site "Internet Chess Club"]
[Date "2020.11.29"]
[Round "9"]
[White "CoarseCrown"]
[Black "Clairehouses"]
[Result "1/2-1/2"]
[ICCResult "Game drawn by mutual agreement"]
[WhiteElo "1744"]
[BlackElo "1566"]
[Opening "Catalan: closed, 5.Nf3"]
[ECO "E06"]
[NIC "CA.05"]
[Time "18:35:56"]
[PlyCount "111"]
[TimeControl "4500+10"]


1. d4 Nf6 2. c4 e6 3. Nf3 d5 4. g3 Be7 5. Bg2 O-O 6. O-O dxc4 7. Qc2 a6 8.
Qxc4 b5 9. Qc2 Bb7 10. Bf4 c6 11. Nc3 Nbd7 12. Ne5 Nd5 13. Nxd5 cxd5 14.
Nc6 Bxc6 15. Qxc6 Qc8 16. Rac1 Nf6 17. Qb6 Qd8 18. Bc7 Qd7 19. Rc2 Rfc8 20.
Rfc1 Ne8 21. e4 h6 22. exd5 exd5 23. Qc6 Qxc6 24. Rxc6 Nxc7 25. Rxc7 Rxc7
26. Rxc7 Bf6 27. Bxd5 Rf8 28. Bb7 Bxd4 29. Bxa6 Bxb2 30. Bxb5 Be5 31. Rb7
Rc8 32. Kg2 Rb8 33. Rxb8+ Bxb8 34. Kf3 f6 35. Ke4 Kf7 36. Kd5 Ke7 37. Kc6
Kd8 38. a4 Bc7 39. Ba6 g5 40. Be2 f5 41. Kd5 f4 42. Ke4 fxg3 43. hxg3 Bb6
44. f4 gxf4 45. gxf4 Bc5 46. f5 Kc7 47. f6 Kb6 48. f7 Ka5 49. Bb5 h5 50.
Kf4 h4 51. Kg4 Be7 52. Be8 Kb4 53. Bd7 Ka5 54. f8=Q Bxf8 55. Kxh4 Bb4 56.
Kg4 { Game drawn by mutual agreement } 1/2-1/2

[Event "ICC tourney 2161 (75 10)"]
[Site "Internet Chess Club"]
[Date "2020.11.29"]
[Round "9"]
[White "hggonzalezzss"]
[Black "Nacaroa-Dan"]
[Result "1-0"]
[ICCResult "Black resigns"]
[WhiteElo "1767"]
[BlackElo "1571"]
[Opening "Scandinavian defense"]
[ECO "B01"]
[NIC "SD.03"]
[Time "18:36:29"]
[PlyCount "135"]
[TimeControl "4500+10"]


1. e4 d5 2. exd5 Nf6 3. Nf3 Nxd5 4. c4 Nf6 5. d4 e6 6. g3 Be7 7. Bg2 O-O 8.
O-O c5 9. Be3 cxd4 10. Nxd4 Qc7 11. Qb3 a6 12. Nc3 Nbd7 13. Rac1 Nc5 14.
Qc2 Rb8 15. Rfd1 Ncd7 16. b3 Rd8 17. Qb2 Nf8 18. b4 e5 19. Nd5 Nxd5 20.
cxd5 Qd6 21. Nc6 bxc6 22. Bc5 Qf6 23. d6 Bxd6 24. Qd2 Bg4 25. Bxd6 Bxd1 26.
Rxd1 Rbc8 27. h4 Rd7 28. Bh3 Ne6 29. Qd3 Rcd8 30. Qxa6 Rxd6 31. Rxd6 Rxd6
32. b5 Rd1+ 33. Kg2 cxb5 34. Qxb5 g6 35. a4 Nd4 36. Bg4 Qc6+ 37. Qxc6 Nxc6
38. Bxd1 f5 39. Kf1 Kf7 40. Ke2 Ke6 41. Kd3 Kd5 42. Bb3+ Kc5 43. f3 h6 44.
Bf7 g5 45. hxg5 hxg5 46. Be6 Nd4 47. Bc8 f4 48. gxf4 exf4 49. Ke4 Nc6 50.
Bb7 Nd4 51. a5 Ne6 52. a6 Kb6 53. Kf5 Nd4+ 54. Ke4 Nb5 55. Ke5 Ka7 56. Bc6
Kxa6 57. Bxb5+ Kxb5 58. Kf5 Kc5 59. Kxg5 Kd5 60. Kxf4 Ke6 61. Kg5 Kf7 62.
Kf5 Kg7 63. Ke6 Kf8 64. Kf6 Kg8 65. f4 Kf8 66. f5 Ke8 67. Kg7 Ke7 68. f6+ {
Black resigns } 1-0

[Event "ICC tourney 2161 (75 10)"]
[Site "Internet Chess Club"]
[Date "2020.11.29"]
[Round "9"]
[White "jHanna"]
[Black "virajphadke"]
[Result "1-0"]
[ICCResult "Black resigns"]
[WhiteElo "1790"]
[BlackElo "1589"]
[Opening "King's Indian: Petrosian system, main line"]
[ECO "E93"]
[NIC "KI.16"]
[Time "18:35:54"]
[PlyCount "95"]
[TimeControl "4500+10"]


1. d4 Nf6 2. c4 g6 3. Nc3 Bg7 4. e4 d6 5. Nf3 O-O 6. Be2 e5 7. d5 Nbd7 8.
Nd2 a6 9. h4 h5 10. g4 hxg4 11. Bxg4 Nxg4 12. Qxg4 Nf6 13. Qg2 Bh6 14. h5
Kg7 15. Nf3 Bxc1 16. Rxc1 Rh8 17. hxg6 Rxh1+ 18. Qxh1 fxg6 19. Kd2 Bg4 20.
Qg2 Qd7 21. Rg1 b5 22. cxb5 axb5 23. a3 Rg8 24. Nh4 Rh8 25. Nxg6 Kxg6 26.
f3 Rh4 27. Qg3 Qh7 28. fxg4 Rh3 29. Qf2 Rxc3 30. Qf5+ Kg7 31. Qxh7+ Kxh7
32. Kxc3 Nxe4+ 33. Kb4 Nf6 34. g5 Nxd5+ 35. Kxb5 Kg6 36. a4 e4 37. Re1 e3
38. Kc6 Ne7+ 39. Kxc7 Kxg5 40. Kxd6 Nf5+ 41. Ke5 Kg4 42. Ke4 e2 43. Rxe2
Ng3+ 44. Ke3 Nxe2 45. Kxe2 Kf5 46. a5 Ke6 47. a6 Kd7 48. a7 { Black resigns
} 1-0

[Event "ICC tourney 2161 (75 10)"]
[Site "Internet Chess Club"]
[Date "2020.11.29"]
[Round "9"]
[White "jason54312"]
[Black "ZYCON"]
[Result "1/2-1/2"]
[ICCResult "Game drawn by mutual agreement"]
[WhiteElo "1551"]
[BlackElo "1400"]
[Opening "Sicilian: dragon, classical, Richter variation"]
[ECO "B73"]
[NIC "SI.34"]
[Time "18:35:45"]
[PlyCount "75"]
[TimeControl "4500+10"]


1. e4 c5 2. Nf3 Nc6 3. d4 cxd4 4. Nxd4 Nf6 5. Nc3 g6 6. Be3 Bg7 7. Be2 O-O
8. O-O d6 9. Qd2 Bd7 10. Rfd1 Ne5 11. h3 a6 12. f4 Nc6 13. Nxc6 bxc6 14. e5
Ne8 15. Ne4 d5 16. c4 Be6 17. Nc3 f6 18. cxd5 cxd5 19. Nxd5 fxe5 20. fxe5
Bxe5 21. Bf3 Rb8 22. Bd4 Bxd4+ 23. Qxd4 Nf6 24. Qe5 Bxd5 25. Rxd5 Qb6+ 26.
Kh2 Qxb2 27. Qxb2 Rxb2 28. Re5 Kf7 29. Rae1 Rxa2 30. Rxe7+ Kg8 31. R7e6 Kg7
32. Re7+ Kh6 33. Ra7 a5 34. Re5 a4 35. Rea5 Re8 36. Rxa4 Rxa4 37. Rxa4 Re5
38. Rd4 { Game drawn by mutual agreement } 1/2-1/2